 Dungeon Crawl Stone Soup version 0.31-a0-259-g771a54c (webtiles) character file.

Game seed: 13419108732018535672

245 NoWhammies the Chiller (level 6, -3/44 HPs)
             Began as a Gnoll Ice Elementalist on July 13, 2023.
             Slain by an ogre
             ... wielding a +0 giant club
              (16 damage)
             ... on level 4 of the Dungeon.
             The game lasted 00:05:42 (3230 turns).

NoWhammies the Chiller (Gnoll Ice Elementalist)     Turns: 3230, Time: 00:05:42

Health: -3/44      AC: 13    Str:  7    XL:     6   Next: 10%
Magic:  7/14       EV: 13    Int: 17    God:
Gold:   208        SH:  0    Dex: 12    Spells: 6/15 levels left

rFire   + . .        k - +0 sling
rCold   + . .        (no shield)
rNeg    . . .        a - +0 robe
rPois   .            u - +0 helmet
rElec   .            m - +2 cloak
rCorr   .            (no gloves)
SInv    .            (no boots)
Will    .....        (no amulet)
Stlth   +++          q - ring of protection from cold
HPRegen 0.27/turn    z - ring of protection from fire
MPRegen 0.14/turn

%: no passive effects
@: ice-armoured, freezing walls
A: fangs 1, strong nose, distributed training
a: no special abilities


You were on level 4 of the Dungeon.
You visited 1 branch of the dungeon, and saw 4 of its levels.

You collected 208 gold pieces.

Inventory:

Hand Weapons
 k - a +0 sling (weapon)
Missiles
 t - 5 poisoned darts
Armour
 a - a +0 robe (worn)
 m - a +2 cloak (worn)
 u - a +0 helmet (worn)
Jewellery
 q - a ring of protection from cold (left hand)
 z - a ring of protection from fire (right hand)
Wands
 p - a wand of iceblast (5)
Scrolls
 c - 3 scrolls of identify {unknown}
 e - a scroll of vulnerability {unknown}
 i - 2 scrolls of enchant armour {unknown}
 n - a scroll of blinking {unknown}
 o - 2 scrolls of immolation {unknown}
 s - a scroll of acquirement {unknown}
 w - a scroll of amnesia {unknown}
 x - 2 scrolls of teleportation {unknown}
 y - a scroll of fog {unknown}
Potions
 b - a potion of magic
 d - a potion of might {unknown}
 f - 3 potions of curing {unknown}
 g - a potion of berserk rage {unknown}
 h - a potion of resistance {unknown}
 j - a potion of degeneration {unknown}
 l - 4 potions of haste {unknown}
 r - 3 potions of brilliance {unknown}
 v - 2 potions of attraction {unknown}
 A - a potion of mutation {unknown}


   Skills:
 + Level 1.8 Fighting
 + Level 1.8 Short Blades
 + Level 1.8 Long Blades
 + Level 1.8 Axes
 + Level 1.8 Maces & Flails
 + Level 1.8 Polearms
 + Level 1.8 Staves
 + Level 1.8 Ranged Weapons
 + Level 1.8 Throwing
 + Level 1.8 Armour
 + Level 4.9 Dodging
 + Level 4.5 Stealth
 + Level 1.8 Shields
 + Level 1.8 Unarmed Combat
 + Level 5.3 Spellcasting
 + Level 1.4 Conjurations
 + Level 1.4 Hexes
 + Level 1.4 Summonings
 + Level 1.4 Necromancy
 + Level 1.4 Translocations
 + Level 1.4 Transmutations
 + Level 1.4 Fire Magic
 + Level 7.2 Ice Magic
 + Level 1.4 Air Magic
 + Level 1.4 Earth Magic
 + Level 1.4 Poison Magic
 + Level 2.0 Invocations
 + Level 1.8 Evocations
 + Level 1.4 Shapeshifting


You had 6 spell levels left.
You knew the following spells:

 Your Spells              Type           Power      Damage    Failure   Level
a - Freeze                Ice            100%       1d10      1%          1
b - Frozen Ramparts       Ice            58%        1d9       1%          3
c - Ozocubu's Armour      Ice            29%        N/A       1%          3
d - Blink                 Tloc           18%        N/A       12%         2

Your spell library contained the following spells:

 Spells                   Type           Power      Damage    Failure   Level
 Summon Ice Beast         Ice/Summ       19%        N/A       22%         4
 Manifold Assault         Tloc           9%         N/A       58%         4


Dungeon Overview and Level Annotations

Branches:
Dungeon (4/15)
 Temple: D:4-7

Altars:
Gozag

Shops:
D:2 (   D:3 :

Annotations:
D:3 2 runed translucent doors, hatwer's ghost, weakling FeHW


Innate Abilities, Weirdness & Mutations

You have very sharp teeth.
Your uncanny sense of smell can sniff out nearby items.
Your experience applies equally to all skills.


Message History

Found a maw talisman.
You see here a maw talisman.
Key pressed, stopping explore.
An ogre comes into view. It is wielding a +0 giant club.
The ogre shouts!
An ogre is nearby!
You shoot a sling bullet.
The sling bullet hits the ogre but does no damage.
You shoot a sling bullet.
The sling bullet barely misses the ogre.
You shoot a sling bullet. The sling bullet hits the ogre.
The ogre is lightly wounded.
You shoot a sling bullet. The sling bullet hits the ogre.
The ogre is moderately wounded.
You shoot a sling bullet.
The sling bullet barely misses the ogre.
The ogre hits you with a +0 giant club!
Casting: Frozen Ramparts (safe; 1% risk of failure)
Confirm with . or Enter, or press ? or * to list all spells.
Casting: Frozen Ramparts (safe; 1% risk of failure)
Press: ? - help, Dir - look around, f - activate The walls around you are covered in ice.
The wall freezes the ogre but does no damage.
The ogre hits you with a +0 giant club!!
Ouch! That really hurt!
* * * LOW HITPOINT WARNING * * *
Casting: Frozen Ramparts (safe; 1% risk of failure)
Confirm with . or Enter, or press ? or * to list all spells.
A film of ice covers your body!
Unknown command.
Unknown command.
Casting: Ozocubu's Armour (safe; 1% risk of failure)
Confirm with . or Enter, or press ? or * to list all spells.
Aiming: Freeze (safe; 1% risk of failure)
Press: ? - help, Shift-Dir - straight line, f - ogre
Aim: an ogre, wielding a +0 giant club (moderately wounded)
You freeze the ogre.
The ogre is moderately wounded.
The wall freezes the ogre!
The ogre hits you with a +0 giant club!
You die...

#.#.##.#### #..
#.#.# .# # #..
#.#.##.#### ..#
#.#.##..... #.#
#.#.####### #.# #
#.# .####### #O#
#........
#@######.#########
#.......... #
#.#......###.#####
#.#.###.## #......
..#◑# #.# #######
####.# #.# # #.#
#.# # #.# #.# #
#.###.## #


You could see an ogre.

Vanquished Creatures
  A scorpion (D:3)
  Ijyb (D:3)
  Terence (D:3)
  4 adders
  A gnoll (D:1)
  4 worms
  A dart slug (D:1)
  2 orcs (D:3)
  10 bats
  An endoplasm (D:2)
  3 giant cockroaches (D:2)
  5 goblins
  7 hobgoblins
  12 jackals
  4 quokkas
  4 ball pythons
  3 frilled lizards
  6 kobolds
  6 rats
76 creatures vanquished.

Notes
Turn   | Place    | Note
-------+----------+-------------------------------------------
     0 | D:1      | NoWhammies the Gnoll Ice Elementalist began the quest for
                  | the Orb.
     0 | D:1      | Reached XP level 1. HP: 13/13 MP: 6/6
   107 | D:1      | Reached XP level 2. HP: 11/19 MP: 1/7
   586 | D:1      | Reached XP level 3. HP: 25/25 MP: 6/9
   590 | D:1      | Learned a level 3 spell: Frozen Ramparts
   594 | D:1      | Learned a level 3 spell: Ozocubu's Armour
   638 | D:1      | Reached skill level 5 in Spellcasting
   903 | D:1      | Reached skill level 1 in Invocations
  1213 | D:2      | Found Lesuddul's Antique Weapon Emporium.
  1287 | D:2      | Reached skill level 1 in Fighting
  1287 | D:2      | Reached skill level 1 in Short Blades
  1287 | D:2      | Reached skill level 1 in Long Blades
  1287 | D:2      | Reached skill level 1 in Axes
  1287 | D:2      | Reached skill level 1 in Maces & Flails
  1287 | D:2      | Reached skill level 1 in Polearms
  1287 | D:2      | Reached skill level 1 in Staves
  1287 | D:2      | Reached skill level 1 in Ranged Weapons
  1287 | D:2      | Reached skill level 1 in Throwing
  1287 | D:2      | Reached skill level 1 in Armour
  1287 | D:2      | Reached skill level 1 in Shields
  1287 | D:2      | Reached skill level 1 in Unarmed Combat
  1287 | D:2      | Reached skill level 1 in Evocations
  1444 | D:2      | Reached XP level 4. HP: 31/32 MP: 7/11
  1568 | D:2      | Found a faded altar of an unknown god.
  2020 | D:3      | Noticed Ijyb
  2020 | D:3      | Noticed Terence
  2021 | D:3      | Reached skill level 1 in Conjurations
  2021 | D:3      | Reached skill level 1 in Hexes
  2021 | D:3      | Reached skill level 1 in Summonings
  2021 | D:3      | Reached skill level 1 in Necromancy
  2021 | D:3      | Reached skill level 1 in Translocations
  2021 | D:3      | Reached skill level 1 in Transmutations
  2021 | D:3      | Reached skill level 1 in Fire Magic
  2021 | D:3      | Reached skill level 1 in Air Magic
  2021 | D:3      | Reached skill level 1 in Earth Magic
  2021 | D:3      | Reached skill level 1 in Poison Magic
  2021 | D:3      | Reached skill level 1 in Shapeshifting
  2104 | D:3      | Killed Terence
  2178 | D:3      | Killed Ijyb
  2179 | D:3      | Reached XP level 5. HP: 33/37 MP: 1/12
  2373 | D:3      | Found an opulent altar of Gozag.
  2445 | D:3      | Learned a level 2 spell: Blink
  2739 | D:3      | Found a large runed translucent door.
  2739 | D:3      | Found a large runed translucent door.
  2740 | D:3      | Noticed hatwer's ghost (weakling FeHW)
  2799 | D:3      | Found Afoismee's Vocational Training.
  3078 | D:4      | Reached XP level 6. HP: 44/44 MP: 11/13
  3230 | D:4      | Slain by an ogre

Illustrated notes

Levels and vault maps discovered:
D:1:      enne_arrival_octagon_isle, layout_loops_corners
D:2:      minmay_evil_eye, layout_loops_ring,
          hellmonk_ecumenical_altar_leap_of_faith, serial_shops, shop,
          minmay_tetromino_l2
D:3:      layout_rooms, nicolae_gozag_seed_capital, ebering_ghost_disaster_area,
          minmay_door_square, nicolae_shop_vocational, uniq_terence, uniq_ijyb
D:4:      layout_loops_ring, minmay_pentomino_pile

Skill      XL: |  1  2  3  4  5 |
---------------+----------------+-----
Spellcasting   | 5 |  5.3
Invocations    | 1 2 |  2.0
Fighting       | 1 |  1.8
Short Blades   | 1 |  1.8
Long Blades    | 1 |  1.8
Axes           | 1 |  1.8
Maces & Flails | 1 |  1.8
Polearms       | 1 |  1.8
Staves         | 1 |  1.8
Ranged Weapons | 1 |  1.8
Throwing       | 1 |  1.8
Armour         | 1 |  1.8
Shields        | 1 |  1.8
Unarmed Combat | 1 |  1.8
Evocations     | 1 |  1.8
Conjurations   | 1 |  1.4
Hexes          | 1 |  1.4
Summonings     | 1 |  1.4
Necromancy     | 1 |  1.4
Translocations | 1 |  1.4
Transmutations | 1 |  1.4
Fire Magic     | 1 |  1.4
Air Magic      | 1 |  1.4
Earth Magic    | 1 |  1.4
Poison Magic   | 1 |  1.4
Shapeshifting  | 1 |  1.4
Dodging        | |  4.9
Stealth        | |  4.5
Ice Magic      | |  7.2

Action                     |  1- 3 |  4- 6 || total
---------------------------+-------+-------++-------
  Melee: Unarmed           |    11 |       ||    11
   Fire: Sling             |    64 |   141 ||   205
   Cast: Freeze            |    24 |    14 ||    38
         Frozen Ramparts   |     3 |    10 ||    13
         Ozocubu's Armour  |     1 |     3 ||     4
   Stab: Sleeping          |     3 |       ||     3
 Armour: Robe              |    15 |    36 ||    51
  Dodge: Dodged            |    37 |    65 ||   102

Table legend: (Time is in decaauts)
 A = Elapsed time spent in this place.
 B = Non-inter-level travel time spent in this place.
 C = Inter-level travel time spent in this place.
 D = Time resting spent in this place.
 E = Time spent auto-exploring this place.
 F = Levels seen in this place.
 G = Mean time per level.
                   A        B        C        D        E       F      G
               +--------+--------+--------+--------+--------+-----+--------+
         Total |   3295 |   3181 |    114 |     26 |   2490 |   4 |  823.8 |
       Dungeon |   3295 |   3181 |    114 |     26 |   2490 |   4 |  823.8 |
               +--------+--------+--------+--------+--------+-----+--------+

Top non-repeatable levels by time:
     D:1: 1111 daAuts
     D:2: 961 daAuts
     D:3: 934 daAuts
     D:4: 287 daAuts
